 Dungeon Crawl Stone Soup version 0.32-a0-779-g362cfcae2a (webtiles) character file.

Game seed: 3804806888080317258

145 inmateoo the Cudgeller (level 5, -2/46 HPs)
             Began as a Mountain Dwarf Fighter on Mar 20, 2024.
             Slain by an ogre
             ... wielding a +0 giant club
              (26 damage)
             ... on level 3 of the Dungeon.
             The game lasted 00:02:16 (2842 turns).

inmateoo the Cudgeller (Mountain Dwarf Fighter)     Turns: 2842, Time: 00:02:17

Health: -2/46      AC:  7    Str: 20    XL:     5   Next: 6%
Magic:  5/5        EV:  8    Int:  9    God:
Gold:   184        SH:  4    Dex:  9    Spells: 4/4 levels left

rFire   . . .        a - +0 flail
rCold   . . .        c - +0 buckler
rNeg    . . .        b - +0 scale mail
rPois   .            (no helmet)
rElec   .            (no cloak)
rCorr   .            (no gloves)
SInv    .            (no boots)
Will    .....        (no amulet) Stlth
                     (no ring)
HPRegen 0.27/turn    (no ring)
MPRegen 0.09/turn

%: no passive effects
@: no status effects
A: runic magic, artefact enchanting
a: no special abilities


You were on level 3 of the Dungeon.
You visited 1 branch of the dungeon, and saw 4 of its levels.

You collected 184 gold pieces.

Inventory:

Hand Weapons
 a - a +0 flail (weapon)
Armour
 b - a +0 scale mail (worn)
 c - a +0 buckler (worn)
Jewellery
 m - an amulet of faith
Scrolls
 g - a scroll of blinking
 o - 2 scrolls of fog
 r - a scroll of immolation
Potions
 d - a potion of might
 f - a potion of lignification
 h - a potion of mutation
 i - 2 potions of enlightenment
 j - 2 potions of ambrosia
 k - a potion of brilliance
 l - 2 potions of curing
 n - a potion of heal wounds {unknown}


   Skills:
 + Level 3.9 Fighting
 * Level 4.3 Maces & Flails
 + Level 3.9 Armour
 + Level 1.2 Dodging
 + Level 3.8 Shields


You had 4 spell levels left.
You didn't know any spells.
Your spell library contained the following spells:

 Spells                   Type           Power      Damage    Failure   Level
 Ensorcelled Hibernation  Hex/Ice        0%         N/A       67%         2
 Passwall                 Erth           0%         N/A       88%         3
 Swiftness                Air            0%         N/A       88%         3


Dungeon Overview and Level Annotations

Branches:
Dungeon (4/15)
 Temple: D:4-7

Altars:
Gozag
Vehumet
Xom

Annotations:
D:4 Sigmund


Innate Abilities, Weirdness & Mutations

Your spellcasting is much less encumbered by armour.
You can use scrolls of enchantment on lesser artefacts.


Message History

There is a stone staircase leading down, spattered with blood here.
You climb downwards.
Level annotation: Sigmund
There is a stone staircase leading up here.
Found a stone staircase leading down.
Sigmund casts a spell at you.
The magic dart hits you but does no damage.
There is a stone staircase leading up here.
Sigmund whispers, "You'll know eternity soon."
An ogre comes into view. It is wielding a +0 giant club.
Sigmund casts a spell at you. You resist with some effort.
The ogre shouts!
The gnoll hits you from afar with a +0 spear.
Sigmund hits you from afar with a +0 scythe.
There is a stone staircase leading up here.
The gnoll hits you from afar with a +0 spear.
You climb upwards.
There is a stone staircase leading down, spattered with blood here.
You start resting.
HP restored.
You climb downwards.
Level annotation: Sigmund The ogre hits you with a +0 giant club!!
Ouch! That really hurt!
There is a stone staircase leading up, spattered with blood here.
The ogre barely misses you. The gnoll barely misses you.
You climb upwards.
There is a stone staircase leading down, spattered with blood here.
You are too injured to fight recklessly!
You sock the ogre!
The ogre is heavily wounded.
The ogre barely misses you.
You are too injured to fight recklessly!
You are too injured to fight recklessly!
You sock the ogre!
The ogre is almost dead.
The ogre hits you with a +0 giant club!!
Ouch! That really hurt!
You die...

#.#####.#....#.# #.# # #.#
#........# #.##### # #.#
##.#....#.# #.#...### #.#
#..##.###.# #.#.#.... #.#
#..##.# #.# #.#...##. #.#
#..##.# #.###.##.#... #.#
#..##.# #.....##.#.#.
#.####..##)# #.....##.#.#.
#.......O@.###....###.#.#.
##.........(.....####.#.#.
#.#.#..#.####........#.#.
#.#.#..#.# ###.###..#.#.
#.#.#..#.# #.# #..#.#.
#.#.#..#.# #.###..#.#.
#.#.#..#.# #..)...#.#.
#.#.#..#.######.###.##.##
#.#.............##...#.##


You could see an ogre.

Vanquished Creatures
  A bombardier beetle (D:2)
  3 adders
  A gnoll (D:3)
  2 ribbon worms
  7 orcs
  6 bats
  8 endoplasms
  3 giant cockroaches
  A goblin (D:1)
  2 hobgoblins
  3 jackals (D:2)
  4 quokkas
  10 ball pythons
  2 frilled lizards (D:1)
  3 kobolds
  6 rats
62 creatures vanquished.

Notes
Turn   | Place    | Note
-------+----------+-------------------------------------------
     0 | D:1      | inmateoo the Mountain Dwarf Fighter began the quest for the
                  | Orb.
     0 | D:1      | Reached XP level 1. HP: 19/19 MP: 1/1
   189 | D:1      | Reached XP level 2. HP: 24/26 MP: 2/2
   360 | D:1      | Reached skill level 3 in Maces & Flails
   566 | D:1      | Found a faded altar of an unknown god.
   873 | D:2      | Reached XP level 3. HP: 31/31 MP: 3/3
  1457 | D:2      | Reached skill level 1 in Dodging
  1457 | D:2      | Reached XP level 4. HP: 8/40 MP: 4/4
  1906 | D:3      | Reached skill level 4 in Maces & Flails
  2369 | D:3      | Found a shimmering altar of Xom.
  2371 | D:3      | Found an opulent altar of Gozag.
  2371 | D:3      | Found a radiant altar of Vehumet.
  2626 | D:4      | Noticed Sigmund
  2738 | D:3      | Reached XP level 5. HP: 31/46 MP: 5/5
  2801 | D:4      | Noticed an ogre
  2842 | D:3      | Slain by an ogre

Illustrated notes

Levels and vault maps discovered:
D:1:      saegor_arrival_simple_b, layout_basic,
          hellmonk_ecumenical_altar_arch_garden, minivault_4, st_stairs_7,
          hangedman_decor_peaks_small
D:2:      layout_loops_cross
D:3:      minmay_skewed_foursquare, layout_loops_ring,
          grunt_temple_overflow_diamond
D:4:      layout_basic, uniq_ijyb, uniq_sigmund

Skill      XL: |  1  2  3  4 |
---------------+-------------+-----
Maces & Flails | 3 4 |  4.3
Dodging        | 1 |  1.2
Fighting       | |  3.9
Armour         | |  3.9
Shields        | |  3.8

Action                     |  1- 3 |  4- 6 || total
---------------------------+-------+-------++-------
  Melee: Flail             |   124 |   103 ||   227
    Use: Scroll            |     8 |     6 ||    14
 Armour: Scale mail        |   114 |    93 ||   207
  Dodge: Dodged            |    43 |    55 ||    98
  Block: Buckler           |    29 |    33 ||    62

Table legend: (Time is in decaauts)
 A = Elapsed time spent in this place.
 B = Non-inter-level travel time spent in this place.
 C = Inter-level travel time spent in this place.
 D = Time resting spent in this place.
 E = Time spent auto-exploring this place.
 F = Levels seen in this place.
 G = Mean time per level.
                   A        B        C        D        E       F      G
               +--------+--------+--------+--------+--------+-----+--------+
         Total |   2904 |   2787 |    117 |    464 |   1797 |   4 |  726.0 |
       Dungeon |   2904 |   2787 |    117 |    464 |   1797 |   4 |  726.0 |
               +--------+--------+--------+--------+--------+-----+--------+

Top non-repeatable levels by time:
     D:3: 1091 daAuts
     D:2: 906 daAuts
     D:1: 878 daAuts
     D:4: 28 daAuts
